 Dungeon Crawl Stone Soup version 0.31.0-9-g3a7656b989 (webtiles) character file.

Game seed: 13493550518693997085

261 qw the Skirmisher (level 5, -1/30 HPs)
             Began as a Deep Elf Hunter on Feb 2, 2024.
             Incinerated by a bombardier beetle (5 damage)
             ... with a burning spray
             ... on level 4 of the Dungeon.
             The game lasted 00:00:09 (2497 turns).

qw the Skirmisher (Deep Elf Hunter)                 Turns: 2497, Time: 00:00:09

Health: -1/30      AC:  5    Str: 16    XL:     5   Next: 96%
Magic:  7/7        EV: 12    Int: 14    God:
Gold:   205        SH:  0    Dex: 18    Spells: 4/4 levels left

rFire   . . .        a - +0 shortbow
rCold   . . .        (shield currently unavailable)
rNeg    . . .        i - +0 ring mail
rPois   .            (no helmet)
rElec   .            (no cloak)
rCorr   .            (no gloves)
SInv    .            (no boots)
Will    .....        (no amulet)
Stlth   +            j - +6 ring of strength
HPRegen 0.25/turn    (no ring)
MPRegen 0.10/turn

%: no passive effects
@: on fire, about to teleport, glowing
A: no striking features
a: no special abilities


You were on level 4 of the Dungeon.
You visited 1 branch of the dungeon, and saw 4 of its levels.

You collected 205 gold pieces.


   Skills:
 - Level 2.0 Fighting
 + Level 9.0 Ranged Weapons
 - Level 3.3 Dodging
 - Level 1.2 Stealth


You had 4 spell levels left.
You didn't know any spells.
Your spell library was empty.

Inventory:

Hand Weapons
 a - a +0 shortbow (weapon)
Armour
 i - a +0 ring mail (worn)
Jewellery
 j - a +6 ring of strength (left hand)
 k - a ring of ice
Wands
 b - a wand of iceblast (16)
 d - a wand of polymorph (8)
Scrolls
 e - a scroll of teleportation
Potions
 f - a potion of might
 g - a potion of resistance
 h - a potion of brilliance {unknown}

Dungeon Overview and Level Annotations

Branches:
Dungeon (4/15)
 Temple: D:4-7

Altars:

Annotations:
D:1 1 transporter


Message History

The endoplasm completely misses you.
You shoot an arrow. The arrow hits the endoplasm.
You kill the endoplasm!
You shoot an arrow. The arrow hits the orc priest.
The orc priest is heavily wounded.
You shoot an arrow. The arrow hits the orc priest.
The orc priest is heavily wounded.
The orc priest looks braver for a moment.
A bombardier beetle comes into view.
You shoot an arrow. The arrow barely misses the orc priest.
The arrow hits the orc wizard.
The orc wizard is moderately wounded.
The orc priest calls down the wrath of Beogh upon you.
Pain shoots through your body!
You shoot an arrow.
The arrow closely misses the orc priest.
The orc wizard hits you with a +0 dagger.
The orc priest hits you with a +0 mace.
You shoot an arrow. The arrow hits the orc priest!
You kill the orc priest!
The orc wizard hits you but does no damage.
Your Fighting skill increases to level 2!
You shoot an arrow. The arrow barely misses the orc wizard.
The orc wizard misses you.
You shoot an arrow. The arrow hits the orc wizard.
The orc wizard is heavily wounded.
The orc wizard hits you with a +0 dagger.
The bombardier beetle sprays incendiary fluid at you.
The burning spray hits you.
You are covered in liquid fire!
You shoot an arrow. The arrow hits the orc wizard.
The orc wizard is severely wounded.
The liquid fire burns you!
A kobold comes into view. It is wielding a +0 club.
The orc wizard hits you with a +0 dagger.
2497 ||| READING 2 scrolls of teleportation.
As you read the scroll of teleportation, it crumbles to dust.
You feel strangely unstable. The liquid fire burns you!
You die...

## #. . #.. ..
###(.########...
................
................
.##...oB<....#
......)@.....#
......)....<.#
....#.########
...... ....#
K... ... ..


You could see a bombardier beetle, an orc wizard and a kobold (wandering).

Vanquished Creatures
  2 orc priests
  An orc wizard (D:3)
  Ijyb (D:3)
  7 gnolls
  2 adders
  6 orcs
  4 ball pythons
  7 endoplasms
  4 giant cockroaches
  A hobgoblin (D:2)
  4 jackals (D:2)
  2 quokkas (D:2)
  2 bats (D:1)
  3 frilled lizards
  7 goblins
  6 kobolds
  7 rats
66 creatures vanquished.

Notes
Turn   | Place    | Note
-------+----------+-------------------------------------------
     0 | D:1      | qw the Deep Elf Hunter began the quest for the Orb.
     0 | D:1      | Reached XP level 1. HP: 12/12 MP: 3/3
     0 | D:1      | 0 ||| qw: Version: 0.3-a-155-g5e7d8dd
     0 | D:1      | 0 ||| qw: Game counter: 1079
     0 | D:1      | 0 ||| qw: Melee chars always use a shield: true
     0 | D:1      | 0 ||| qw: God list: Okawaru
     0 | D:1      | 0 ||| qw: Allow faded altars: false
     0 | D:1      | 0 ||| qw: Do Orc after clearing Dungeon:15 true
     0 | D:1      | 0 ||| qw: Do second Lair branch before Depths: true
     0 | D:1      | 0 ||| qw: Lair rune preference: random
     0 | D:1      | 0 ||| qw: Goals: Normal
     0 | D:1      | 0 ||| PLANNING D:1-11
   181 | D:1      | Reached XP level 2. HP: 16/16 MP: 4/4
   200 | D:1      | Reached skill level 6 in Ranged Weapons
   574 | D:1      | 574 ||| READING scroll labelled MIR JOLLOR WAY.
   575 | D:1      | 575 ||| READING 3 scrolls labelled XITANLOISCH.
   578 | D:1      | 578 ||| DROPPING scroll of butterflies.
   653 | D:2      | 653 ||| RETREEEEATING.
   656 | D:2      | 656 ||| RETREEEEATING.
   668 | D:2      | Reached XP level 3. HP: 13/20 MP: 5/5
   878 | D:2      | Reached skill level 7 in Ranged Weapons
   878 | D:2      | 878 ||| FLEEEEING.
   879 | D:2      | 879 ||| FLEEEEING.
   880 | D:2      | 880 ||| FLEEEEING.
   881 | D:2      | 881 ||| FLEEEEING.
   882 | D:2      | 882 ||| FLEEEEING.
   883 | D:2      | 883 ||| FLEEEEING.
   884 | D:2      | 884 ||| FLEEEEING.
   885 | D:2      | 885 ||| FLEEEEING.
   886 | D:2      | 886 ||| FLEEEEING.
   887 | D:2      | 887 ||| FLEEEEING.
   888 | D:2      | 888 ||| FLEEEEING.
   889 | D:2      | 889 ||| FLEEEEING.
   890 | D:2      | 890 ||| FLEEEEING.
   891 | D:2      | 891 ||| FLEEEEING.
  1073 | D:2      | Reached XP level 4. HP: 25/25 MP: 6/6
  1325 | D:2      | 1325 ||| UPGRADING to +6 ring of strength.
  1326 | D:2      | 1326 ||| READING 3 scrolls labelled RUPOBE TANUFFA.
  1326 | D:2      | 1326 ||| IDENTIFYING sapphire potion
  1327 | D:2      | 1327 ||| READING 2 scrolls of identify.
  1327 | D:2      | 1327 ||| IDENTIFYING glowing blue potion
  1328 | D:2      | 1328 ||| READING scroll of identify.
  1328 | D:2      | 1328 ||| IDENTIFYING fizzy emerald potion
  1329 | D:2      | 1329 ||| READING scroll labelled GEESUIR JYGG.
  1330 | D:2      | 1330 ||| DROPPING potion of ambrosia.
  1358 | D:3      | 1358 ||| STAIRDANCE
  1447 | D:3      | Reached skill level 8 in Ranged Weapons
  1494 | D:3      | Noticed Ijyb
  1498 | D:3      | 1498 ||| FLEEEEING.
  1499 | D:3      | 1499 ||| FLEEEEING.
  1500 | D:3      | 1500 ||| FLEEEEING.
  1521 | D:3      | Killed Ijyb
  1522 | D:3      | Reached skill level 3 in Dodging
  1522 | D:3      | Reached XP level 5. HP: 13/29 MP: 7/7
  1566 | D:3      | 1566 ||| FLEEEEING.
  1567 | D:3      | 1567 ||| FLEEEEING.
  1568 | D:3      | 1568 ||| FLEEEEING.
  1569 | D:3      | 1569 ||| FLEEEEING.
  1648 | D:3      | 1648 ||| FLEEEEING.
  1649 | D:3      | 1649 ||| FLEEEEING.
  1652 | D:3      | 1652 ||| FLEEEEING.
  1653 | D:3      | 1653 ||| FLEEEEING.
  1654 | D:3      | 1654 ||| FLEEEEING.
  1655 | D:3      | 1655 ||| FLEEEEING.
  1656 | D:3      | 1656 ||| FLEEEEING.
  1657 | D:3      | 1657 ||| FLEEEEING.
  1658 | D:3      | 1658 ||| FLEEEEING.
  1659 | D:3      | 1659 ||| FLEEEEING.
  1660 | D:3      | 1660 ||| FLEEEEING.
  1661 | D:3      | 1661 ||| FLEEEEING.
  1876 | D:3      | Found a faded altar of an unknown god.
  2338 | D:3      | 2338 ||| UPGRADING to +0 ring mail.
  2348 | D:3      | 2348 ||| DROPPING +0 leather armour.
  2349 | D:3      | 2349 ||| READING scroll labelled OCEOQA ONGOCRO.
  2486 | D:4      | Reached skill level 9 in Ranged Weapons
  2496 | D:4      | HP: 5/30 [burnt (5)]
  2497 | D:4      | 2497 ||| READING 2 scrolls of teleportation.
  2497 | D:4      | Incinerated by a bombardier beetle

Levels and vault maps discovered:
D:1:      spicycebolla_arrival_risky_transporter, layout_basic, hex_medium
D:2:      layout_loops_ring
D:3:      layout_basic, chequers_ecumenical_altar_simple, uniq_ijyb
D:4:      layout_rooms, nicolae_uskayaw_en_pointe, lemuel_round_altar,
          nicolae_shop_overcharged_wands, uniq_duvessa, uniq_crazy_yiuf_cottage

Skill      XL: |  1  2  3  4  5 |
---------------+----------------+-----
Ranged Weapons | 6 7 8 9 |  9.0
Dodging        | 3 |  3.3
Fighting       | 2 |  2.0
Stealth        | |  1.2

Action                     |  1- 3 |  4- 6 || total
---------------------------+-------+-------++-------
   Fire: Shortbow          |    70 |   141 ||   211
    Use: Scroll            |     2 |     6 ||     8
 Armour: Leather armour    |    14 |    30 ||    44
         Ring mail         |       |     5 ||     5
  Dodge: Dodged            |    16 |    33 ||    49

Table legend:
 A = Non-vault XP
 B = Vault XP
 C = Vault XP percentage of total XP
 D = Non-vault monster count
 E = Vault monster count
 F = Vault count percentage of total count
                 A         B        C        D         E       F
            +---------+---------+-------+---------+---------+-------
      Total |     337 |      36 |   9.7 |      65 |       1 |   1.5
            +---------+---------+-------+---------+---------+-------
        D:1 |      24 |       0 |   0.0 |      16 |       0 |   0.0
        D:2 |      85 |       0 |   0.0 |      22 |       0 |   0.0
        D:3 |     183 |      36 |  16.4 |      24 |       1 |   4.0
        D:4 |      45 |       0 |   0.0 |       3 |       0 |   0.0
            +---------+---------+-------+---------+---------+-------
